 Seeded DCSS version 0.28-a0-804-g60983d4ba9 (webtiles) character file.

Game seed: 17622446615791002766 (custom seed)

908 cheechan the Covered (level 8, 0/72 HPs)
             Began as a Naga Fighter on Nov 7, 2021.
             Slain by Grinder (5 damage)
             ... on level 6 of the Dungeon.
             The game lasted 00:16:28 (4443 turns).

cheechan the Covered (Naga Fighter)                 Turns: 4443, Time: 00:16:29

Health: 0/72       AC: 18    Str: 19    XL:     8   Next: 8%
Magic:  8/8        EV:  8    Int:  9    God:
Gold:   277        SH:  4    Dex: 12    Spells: 7/7 levels left

rFire   . . .      SeeInvis +   j - +3 whip (protect)
rCold   . . .      Faith    .   c - +0 buckler
rNeg    . . .      Spirit   .   b - +1 scale mail
rPois   +          Reflect  .   (no helmet)
rElec   .          Harm     .   f - +2 cloak
rCorr   .          Rampage  .   (no gloves)
Will    +....                   (no barding)
Stlth   ..........              (no amulet)
HPRegen 0.22/turn               (no ring)
MPRegen 0.11/turn               (no ring)

@: under a protective aura, very slow
A: AC +2, large, see invisible, deformed body, poison resistance, slowness 2,
spit poison 1, naga tail 1
a: Spit Poison


You were on level 6 of the Dungeon.
You visited 1 branch of the dungeon, and saw 6 of its levels.

You collected 277 gold pieces.

Inventory:

Hand Weapons
 a - a +0 war axe
 j - a +3 whip of protection (weapon)
Missiles
 g - 67 bolts
 h - 55 arrows
 k - 14 poisoned darts
Armour
 b - a +1 scale mail (worn)
 c - a +0 buckler (worn)
 f - a +2 cloak (worn)
Jewellery
 q - a +6 ring of strength
Wands
 o - a wand of flame (10)
Scrolls
 n - a scroll of teleportation
 p - a scroll of amnesia
Potions
 d - 2 potions of haste
 e - 2 potions of magic
 l - a potion of cancellation
 s - 3 potions of flight


   Skills:
 + Level 4.1 Fighting
 + Level 3.5(4.5) Axes
 + Level 4.2(4.9) Maces & Flails
 + Level 4.3 Armour
 + Level 2.3 Dodging
 + Level 2.0 Stealth
 + Level 3.3 Shields
 + Level 1.3 Evocations


You had 7 spell levels left.
You didn't know any spells.
Your spell library contained the following spells:

 Spells                   Type           Power      Damage    Failure   Level
 Ensorcelled Hibernation  Hex/Ice        0%         N/A       87%         2
 Spider Form              Tmut/Pois      0%         N/A       98%         3


Dungeon Overview and Level Annotations

Branches:
Dungeon (6/15)
 Temple: D:4-7

Altars:
Fedhas
Trog
Vehumet

Annotations:
D:6 Grinder


Innate Abilities, Weirdness & Mutations

Your serpentine skin is tough. (AC +2)
You have supernaturally acute eyesight. (SInv)
Armour fits poorly on your strangely shaped body.
Your system is resistant to poisons. (rPois)
You cover ground very slowly.
You can spit poison.
You have a snake-like lower body.


Message History

You feel less wooden.
Your +2 cloak unmelds from your body.
Your +1 scale mail unmelds from your body.
Grinder blinks!
Grinder blinks!
You have got your breath back.
Grinder gestures at you. You resist with significant effort.
Grinder gestures at you.
You easily resist.
Grinder blinks!
You can move again.
Abil: Spit Poison
Press: ? - help, Q - select action, (/) - cycle Shift-Dir - straight line, f/p - Grinder
Aim: Grinder (lightly wounded)
The splash of poison hits Grinder.
Grinder is moderately wounded.
Grinder gestures at you.
You easily resist.
Things that are here:
a +0 club; 16 stones; a kobold corpse You have got your breath back.
Grinder rolls her eyes.
Grinder hits you but does no damage. Grinder hits you.
* * * LOW HITPOINT WARNING * * *
You writhe in agony.
* * * LOW HITPOINT WARNING * * *
You hit Grinder but do no damage.
Your weapon exudes an aura of protection.
Grinder is moderately wounded.
Grinder hits you but does no damage.
You closely miss Grinder.
Grinder is moderately wounded.
Grinder hits you but does no damage.
You whack Grinder!
Grinder is heavily wounded.
Grinder hits you!
* * * LOW HITPOINT WARNING * * *
You writhe in agony.
You die...

# . ..#######
.#......# '......#
##......#
#########.......#
........#)).....#
........'.)@5..#
........##)...#....
#######.####### ยง
#.# #.# #####.#
#.<...# #...###
#...#


You could see Grinder.

Vanquished Creatures
  2 ogres (D:5)
  A phantom (D:4)
  A kobold brigand (D:6)
  A wyvern zombie (D:5)
  2 scorpions (D:5)
  A water moccasin skeleton (D:5)
  An orc priest (D:5)
  4 hounds
  A bullfrog skeleton (D:5)
  A centaur skeleton (D:4)
  An iguana (D:5)
  An orc wizard (D:5)
  3 adders
  An adder zombie (D:5)
  2 worms
  3 dart slugs
  3 orcs
  A bat (D:1)
  7 endoplasms
  4 giant cockroaches
  5 goblins
  9 hobgoblins
  8 jackals
  3 ball pythons
  3 frilled lizards (D:2)
  10 kobolds
  3 rats
82 creatures vanquished.

Vanquished Creatures (others)
  An orc wizard (D:5)
1 creature vanquished.

Grand Total: 83 creatures vanquished

Notes
Turn   | Place    | Note
-------+----------+-------------------------------------------
     0 | D:1      | cheechan the Naga Fighter began the quest for the Orb.
     0 | D:1      | Reached XP level 1. HP: 21/21 MP: 1/1
   251 | D:1      | Reached XP level 2. HP: 28/28 MP: 2/2
   899 | D:2      | Reached XP level 3. HP: 34/34 MP: 3/3
  1005 | D:2      | You fall into a shaft and drop 2 floors!
  1082 | D:4      | Reached XP level 4. HP: 27/42 MP: 4/4
  1097 | D:4      | Found a bloodstained altar of Trog.
  1097 | D:4      | Noticed a phantom
  1112 | D:4      | Killed a phantom
  1113 | D:4      | Reached skill level 1 in Maces & Flails
  1113 | D:4      | Reached skill level 1 in Dodging
  1113 | D:4      | Reached XP level 5. HP: 25/49 MP: 5/5
  1142 | D:4      | Reached XP level 6. HP: 33/56 MP: 6/6
  1730 | D:5      | Entered Level 5 of the Dungeon
  1878 | D:5      | Reached XP level 7. HP: 33/62 MP: 7/7
  2437 | D:2      | Found Bisytixkye's Magic Scroll Boutique.
  2463 | D:2      | Reached skill level 1 in Stealth
  3684 | D:5      | Found a blossoming altar of Fedhas.
  4117 | D:5      | Found a radiant altar of Vehumet.
  4177 | D:5      | Reached skill level 1 in Evocations
  4391 | D:6      | Noticed Grinder
  4393 | D:6      | Paralysed by Grinder for 5 turns
  4411 | D:6      | Paralysed by Grinder for 4 turns
  4424 | D:6      | Reached XP level 8. HP: 35/72 MP: 8/8
  4431 | D:6      | Paralysed by Grinder for 7 turns
  4443 | D:6      | Slain by Grinder

Illustrated notes

Levels and vault maps discovered:
D:1:      scummos_arrival_forest, layout_basic
D:2:      layout_basic, serial_shops, shop, hangedman_decor_push, st_stairs_11
D:3:      layout_basic
D:4:      layout_basic, trog_three_pillars_becter
D:5:      layout_basic, kennysheep_mini, fiery_altar_vehumet,
          grunt_ministairs_13, minmay_misc_feat_tiny
D:6:      layout_basic, mainiacjoe_overflow_paths, minmay_temple_entry_arrows,
          uniq_grinder

Skill      XL: |  1  2  3  4  5  6  7 |
---------------+----------------------+-----
Armour         | 3 4 |  4.3
Axes           | 3 |  3.5
Maces & Flails | 1 2 3 4 |  4.2
Dodging        | 1 2 |  2.3
Shields        | 3 |  3.3
Stealth        | 2 |  2.0
Fighting       | 4 |  4.1
Evocations     | 1 |  1.3

Action                   |  1- 3 |  4- 6 |  7- 9 || total
-------------------------+-------+-------+-------++-------
Melee: War axe           |    24 |       |       ||    24
       Whip              |    44 |    63 |   138 ||   245
 Abil: Spit Poison       |     3 |     3 |     4 ||    10
Evoke: Wand              |       |     4 |     1 ||     5
  Use: Scroll            |     4 |     5 |     6 ||    15
       Potion            |       |     1 |     2 ||     3
Armor: Scale mail        |    41 |    41 |    63 ||   145
       Skin              |       |       |    55 ||    55
Dodge: Dodged            |    26 |    29 |    36 ||    91
Block: Buckler           |    19 |     9 |    33 ||    61

Table legend: (Time is in decaauts)
 A = Elapsed time spent in this place.
 B = Non-inter-level travel time spent in this place.
 C = Inter-level travel time spent in this place.
 D = Time resting spent in this place.
 E = Time spent auto-exploring this place.
 F = Levels seen in this place.
 G = Mean time per level.
                   A        B        C        D        E       F      G
               +--------+--------+--------+--------+--------+-----+--------+
         Total |   6044 |   6044 |      0 |      0 |      0 |   6 | 1007.3 |
       Dungeon |   6044 |   6044 |      0 |      0 |      0 |   6 | 1007.3 |
               +--------+--------+--------+--------+--------+-----+--------+

Top non-repeatable levels by time:
     D:2: 1578 daAuts
     D:5: 1370 daAuts
     D:3: 1076 daAuts
     D:4: 1037 daAuts
     D:1: 918 daAuts
     D:6: 62 daAuts
